[Event "France Jeunes Belfort 2017"]
[Site "Belfort"]
[Date "2017.04.23"]
[Round "9.4"]
[White "Kern, Nicolas"]
[Black "Dudognon, Thibault"]
[Result "1/2-1/2"]
[ECO "B11"]
[WhiteElo "2085"]
[BlackElo "2218"]
[PlyCount "105"]
[EventDate "2017.??.??"]
[TimeControl "6000+685"]
[WhiteClock "0:05:03"]
[BlackClock "0:11:23"]

1. e4 c6 2. Nc3 d5 3. Nf3 Bg4 4. h3 Bxf3 5. Qxf3 e6 6. d4 dxe4 7. Qxe4 Nf6 8.
Qd3 Bd6 9. Be2 Nbd7 10. O-O Qc7 11. Re1 O-O 12. Ne4 Bh2+ 13. Kh1 Bf4 14. Bf3
Bxc1 15. Raxc1 Rfd8 16. Qe3 h6 17. c3 Nxe4 18. Qxe4 Nf6 19. Qe5 Qxe5 20. Rxe5
a5 21. Kg1 Nd7 22. Re2 a4 23. Kf1 Nb6 24. Ke1 Nc4 25. Be4 Ra5 26. Bd3 Nb6 27.
Rd1 g6 28. Red2 Kg7 29. Be2 Kf6 30. c4 Ke7 31. Rb1 Rd7 32. Kd1 Ra8 33. Kc2 Rad8
34. Rbd1 Nc8 35. Bf3 Nd6 36. Kc3 Nf5 37. g4 Nh4 38. Bh1 g5 39. Kb4 Ra8 40. d5
cxd5 41. cxd5 Ng6 42. dxe6 Rxd2 43. Rxd2 fxe6 44. Kb5 a3 45. b4 Nf4 46. Kb6 Ra4
47. Rd4 e5 48. Rc4 Nd3 49. Kb5 Ra7 50. Kb6 Ra4 51. Kb5 Ra7 52. Kb6 Ra4 53. Kb5
1/2-1/2

[Event "France Jeunes Belfort 2017"]
[Site "Belfort"]
[Date "2017.04.23"]
[Round "9.4"]
[White "Labrande, Eleonore"]
[Black "Rozec, Mialy"]
[Result "1-0"]
[ECO "B06"]
[WhiteElo "1635"]
[BlackElo "1289"]
[PlyCount "59"]
[EventDate "2017.??.??"]
[TimeControl "6000+1655"]
[WhiteClock "0:13:25"]
[BlackClock "0:00:35"]

1. e4 g6 2. d4 Bg7 3. Nc3 a6 4. Bc4 Nf6 5. f3 O-O 6. Be3 d6 7. Qd2 b5 8. Bb3
Bb7 9. Nge2 Nbd7 10. Nd1 Rc8 11. Bh6 c5 12. c3 c4 13. Bc2 Qb6 14. h4 Rfd8 15.
g4 Nf8 16. Bxg7 Kxg7 17. h5 Ng8 18. Nf2 e6 19. f4 f5 20. hxg6 hxg6 21. Rg1 fxe4
22. Nxe4 Nf6 23. Nxf6 Kxf6 24. f5 g5 25. Rf1 e5 26. O-O-O Qc7 27. Ng3 d5 28.
Nh5+ Kf7 29. Qxg5 Ke8 30. dxe5 1-0

[Event "France Jeunes Belfort 2017"]
[Site "Belfort"]
[Date "2017.04.23"]
[Round "9.4"]
[White "Midy, Robin"]
[Black "Bressy, Theo"]
[Result "0-1"]
[ECO "B06"]
[WhiteElo "2137"]
[BlackElo "2039"]
[PlyCount "80"]
[EventDate "2017.??.??"]
[TimeControl "6000+945"]
[WhiteClock "0:01:13"]
[BlackClock "0:11:15"]

1. d4 g6 2. e4 Bg7 3. Nc3 d6 4. Bg5 h6 5. Bf4 a6 6. a4 b6 7. Nf3 Bb7 8. h3 e6
9. Qd2 Nd7 10. Bc4 Ne7 11. Bb3 Kf8 12. O-O Kg8 13. Ne1 Kh7 14. Bg3 Nf6 15. Qd3
d5 16. exd5 exd5 17. Be5 Nd7 18. Bxg7 Kxg7 19. Rd1 Nf6 20. Qf3 Qc8 21. Ne2 c5
22. c3 Re8 23. Bc2 c4 24. Ng3 Qc7 25. Ne2 Nc8 26. Ng3 Bc6 27. Ra1 Ra7 28. Qd1
Nd6 29. Nf3 Nfe4 30. Ne2 f6 31. Nd2 Qb8 32. f3 Ng5 33. Nf4 Nf5 34. Nxg6 Ne3 35.
Qc1 Nxh3+ 36. Kh1 Qg3 37. Nh4 Qxh4 38. Qe1 Nf2+ 39. Kg1 Qh1+ 40. Kxf2 Qxg2# 0-1

[Event "France Jeunes Belfort 2017"]
[Site "Belfort"]
[Date "2017.04.23"]
[Round "9.4"]
[White "Zachary, Matheo"]
[Black "Defromont, Benjamin"]
[Result "1-0"]
[ECO "C06"]
[WhiteElo "2267"]
[BlackElo "1946"]
[PlyCount "89"]
[EventDate "2017.??.??"]
[TimeControl "6000+890"]
[WhiteClock "0:44:45"]
[BlackClock "0:00:32"]

1. e4 e6 2. d4 d5 3. Nd2 Nf6 4. e5 Nfd7 5. Bd3 c5 6. c3 Nc6 7. Ne2 cxd4 8. cxd4
f6 9. exf6 Nxf6 10. Nf3 Bd6 11. O-O O-O 12. Bf4 Bxf4 13. Nxf4 Qd6 14. g3 e5 15.
dxe5 Nxe5 16. Nxe5 Qxe5 17. Qb3 Bd7 18. Rfe1 Qd6 19. Bf1 Bc6 20. Bg2 Rfe8 21.
Red1 Rad8 22. Rd4 Kh8 23. Rad1 Re5 24. h4 Qe7 25. Nd3 Re6 26. Bf3 Qd6 27. Kg2
Re7 28. Nf4 Re5 29. Kh2 Kg8 30. Qd3 Kh8 31. Nh3 Be8 32. Nf4 Bc6 33. Kg2 Qd7 34.
Qa3 a6 35. Qa5 Kg8 36. R1d2 Kh8 37. b4 Kg8 38. a4 Rde8 39. b5 axb5 40. axb5
Bxb5 41. Nxd5 Nxd5 42. Rxd5 Bc6 43. Rxe5 Bxf3+ 44. Kxf3 Rxe5 45. Qxe5 1-0

[Event "France Jeunes Belfort 2017"]
[Site "Belfort"]
[Date "2017.04.23"]
[Round "9.5"]
[White "Dillenschneider, Ernesto"]
[Black "Lever, Erwan"]
[Result "1/2-1/2"]
[ECO "D85"]
[WhiteElo "2037"]
[BlackElo "2129"]
[PlyCount "64"]
[EventDate "2017.??.??"]
[TimeControl "6000+950"]
[WhiteClock "0:12:02"]
[BlackClock "0:11:27"]

1. d4 Nf6 2. c4 g6 3. Nc3 d5 4. cxd5 Nxd5 5. e4 Nxc3 6. bxc3 Bg7 7. Be3 c5 8.
Nf3 Qa5 9. Qd2 a6 10. Rc1 cxd4 11. cxd4 Qxd2+ 12. Nxd2 O-O 13. Be2 Nc6 14. Nb3
e5 15. dxe5 Bxe5 16. a4 Re8 17. O-O Bg7 18. f3 f5 19. Bd3 fxe4 20. Bxe4 Bf5 21.
Nc5 Nd4 22. Rfe1 Bxe4 23. Nxe4 Rac8 24. Bxd4 Bxd4+ 25. Kf1 Rxc1 26. Rxc1 Re7
27. Ke2 h5 28. Rc4 Be5 29. g3 h4 30. f4 Bc7 31. Kf3 hxg3 32. hxg3 Ba5 1/2-1/2

[Event "France Jeunes Belfort 2017"]
[Site "Belfort"]
[Date "2017.04.23"]
[Round "9.6"]
[White "Daeschler, Florian"]
[Black "Sarafian, Thomas"]
[Result "1-0"]
[ECO "B52"]
[WhiteElo "2124"]
[BlackElo "1892"]
[PlyCount "72"]
[EventDate "2017.??.??"]
[TimeControl "6000+660"]
[WhiteClock "0:06:46"]
[BlackClock "0:15:05"]

1. Nf3 c5 2. e4 d6 3. Bb5+ Bd7 4. Bxd7+ Nxd7 5. O-O g6 6. c3 Ngf6 7. Qe2 Bg7 8.
d4 O-O 9. e5 dxe5 10. dxe5 Nd5 11. Rd1 e6 12. Bg5 Qc7 13. c4 Nb4 14. Be7 Nxe5
15. Bxf8 Nxf3+ 16. Qxf3 Bxb2 17. Bd6 Qb6 18. a3 Bxa1 19. axb4 cxb4 20. c5 Qb5
21. Nd2 Bg7 22. Ne4 a5 23. Ng5 Qd7 24. Ne4 Qc6 25. Nf6+ Kh8 26. Qf4 b3 27. Bb8
Qc8 28. Bc7 a4 29. Nd7 a3 30. Nb6 a2 31. Be5 Qxc5 32. Qa4 Bxe5 33. Qxa8+ Kg7
34. Nd7 Qb4 35. Nxe5 Qc5 36. Nd7 Qh5 1-0

[Event "France Jeunes Belfort 2017"]
[Site "Belfort"]
[Date "2017.04.23"]
[Round "10.1"]
[White "Bureau-Leroyer, Lola"]
[Black "Vernet, Solene"]
[Result "0-1"]
[ECO "A05"]
[WhiteElo "1635"]
[BlackElo "1863"]
[PlyCount "58"]
[EventDate "2017.??.??"]
[TimeControl "6000+475"]
[WhiteClock "0:36:52"]
[BlackClock "0:27:54"]

1. Nf3 Nf6 2. c4 c5 3. b3 d5 4. cxd5 Nxd5 5. e3 Nc6 6. Bb2 Bf5 7. Bb5 Qb6 8.
Qe2 a6 9. Bxc6+ Qxc6 10. Na3 Nb4 11. d4 Nd3+ 12. Kf1 Nxb2 13. Ne5 Qf6 14. e4
Bg6 15. Qxb2 e6 16. Nac4 Bxe4 17. f3 Bd5 18. Nb6 Rd8 19. Re1 cxd4 20. Qc2 Qe7
21. b4 Qxb4 22. Nxd5 Qb5+ 23. Kf2 Qxd5 24. Qa4+ Qb5 25. Qxb5+ axb5 26. Rb1 Rd5
27. f4 Bd6 28. Rhc1 Ke7 29. a4 Ra8 0-1

[Event "France Jeunes Belfort 2017"]
[Site "Belfort"]
[Date "2017.04.23"]
[Round "10.2"]
[White "Parlas, Helin"]
[Black "Haussernot, Cécile"]
[Result "0-1"]
[ECO "E26"]
[WhiteElo "1606"]
[BlackElo "2107"]
[PlyCount "54"]
[EventDate "2017.??.??"]
[TimeControl "6000+680"]
[WhiteClock "0:54:02"]
[BlackClock "0:40:05"]

1. d4 Nf6 2. c4 e6 3. Nc3 Bb4 4. a3 Bxc3+ 5. bxc3 c5 6. e3 O-O 7. Nf3 Qa5 8.
Qc2 d5 9. Bd2 Bd7 10. Bd3 b5 11. cxd5 c4 12. Be4 exd5 13. Bf5 Bxf5 14. Qxf5 Nc6
15. O-O Ne7 16. Qc2 Ne4 17. Ne5 f6 18. Ng4 h5 19. Be1 hxg4 20. f3 gxf3 21. gxf3
Nf5 22. Bf2 Qxc3 23. Qxc3 Nxc3 24. Rfe1 Rfd8 25. Rac1 Na4 26. Rcd1 Nb2 27. Rc1
Nd3 0-1